 Dungeon Crawl Stone Soup version 0.26.1-2-gb8aa6d0 (webtiles) character file.

Game seed: 11511739158079450531

115 GeorgeSoros the Skirmisher (level 5, -9/42 HPs)
             Began as a Gnoll Wanderer on Feb 19, 2021.
             Was a Follower of Hepliaklqana.
             Shot with an arrow by a centaur (12 damage)
             ... on level 6 of the Dungeon.
             The game lasted 00:07:25 (2583 turns).

GeorgeSoros the Skirmisher (Gnoll Wanderer)         Turns: 2583, Time: 00:07:26

Health: -9/42      AC:  6    Str: 14    XL:     5   Next: 0%
Magic:  6/6        EV: 12    Int: 17    God:    Hepliaklqana [*.....]
Gold:   143        SH:  0    Dex: 13    Spells: 6/6 levels left

rFire    . . .     SeeInvis +   h - +0 trident
rCold    . . .     Faith    .   (no shield)
rNeg     . . .     Spirit   .   l - +0 leather armour
rPois    .         Reflect  .   (no helmet)
rElec    .         Harm     .   (no cloak)
rCorr    .         Rampage  .   f - +2 pair of gloves
Will     .....                  (no boots)
Stlth    +.........             (no amulet)
HPRegen  0.14/turn              g - ring of see invisible
MPRegen  0.10/turn              (no ring)

@: no status effects
A: distributed training, reduced essence, fangs 1, strong nose
a: Renounce Religion, Recall Ancestor, Ancestor Identity


You were on level 6 of the Dungeon.
You worshipped Hepliaklqana.
Hepliaklqana was aware of your devotion.
You visited 1 branch of the dungeon, and saw 4 of its levels.

You collected 143 gold pieces.

Inventory:

Hand Weapons
 a - a +2 spear
 h - a +0 trident (weapon)
Missiles
 j - 2 javelins (quivered)
Armour
 f - a +2 pair of gloves (worn)
 l - a +0 leather armour (worn)
Jewellery
 g - a ring of see invisible (left hand)
Scrolls
 e - a scroll of remove curse
Potions
 b - 2 potions of lignification
 c - 2 potions of heal wounds {unknown}
 d - 2 potions of mutation
 i - a potion of magic
 k - a potion of invisibility {unknown}


   Skills:
 + Level 6.6 Fighting
 + Level 1.3 Short Blades
 + Level 1.3 Long Blades
 + Level 1.3 Axes
 + Level 1.3 Maces & Flails
 + Level 4.7 Polearms
 + Level 1.3 Staves
 + Level 1.3 Slings
 + Level 1.3 Bows
 + Level 1.3 Crossbows
 + Level 1.3 Throwing
 + Level 4.7 Armour
 + Level 2.8 Dodging
 + Level 1.3 Stealth
 + Level 1.3 Shields
 + Level 1.3 Unarmed Combat
 + Level 1.3 Spellcasting
 + Level 1.0 Conjurations
 + Level 1.0 Hexes
 + Level 1.0 Summonings
 + Level 1.0 Necromancy
 + Level 1.0 Translocations
 + Level 1.0 Transmutations
 + Level 1.0 Fire Magic
 + Level 1.0 Ice Magic
 + Level 1.0 Air Magic
 + Level 1.0 Earth Magic
 + Level 1.0 Poison Magic
 + Level 1.4 Invocations
 + Level 4.7 Evocations


You had 6 spell levels left.
You didn't know any spells.
Your spell library was empty.

Dungeon Overview and Level Annotations

Branches:
Dungeon (3/15)

Altars:
Dithmenos
Fedhas
Gozag
Hepliaklqana
Kikubaaqudgha
Qazlal
Ru
Xom


Innate Abilities, Weirdness & Mutations

Your experience applies equally to all skills.
You have very sharp teeth.
Your uncanny sense of smell can sniff out nearby items.
Your life essence is reduced to manifest your ancestor. (-10% HP)


Message History

The gnoll hits you with a +0 club.
The orc shouts!
You hear a shout!
A centaur comes into view.
The centaur shouts!
The centaur wields a +0 shortbow.
The centaur shoots an arrow.
The arrow hits you.
You see here an arrow.
The centaur shoots an arrow.
The arrow hits you!
You see here an arrow.
The centaur shoots an arrow.
The arrow closely misses you.
You see here an arrow.
You open the door.
The orc warrior hits you with a +0 hand axe!
* * * LOW HITPOINT WARNING * * *
There is an open door here.
The centaur shoots an arrow.
The arrow hits you.
* * * LOW HITPOINT WARNING * * *
You see here an arrow.
The centaur shoots an arrow.
The arrow hits you!
You die...

##.## ###.#### #.#
#..o.... #†# #.......
##†## #.g..... ##...##
#....... ##.....##
#(...... #.#.......##
##(......
##..........####(.......
.......@(o..ggo.........
##.!.......c####........
#.#...)...## ##.##.###
(.##.....## #....#
##...## #.#### ##+## #.#
.# ∆ ∆


You could see an orc warrior, a centaur, 2 gnolls and an orc.

Vanquished Creatures
  A gnoll (D:6)
  2 adders (D:2)
  An ooze (D:3)
  2 dart slugs (D:1)
  3 leopard geckos
  3 orcs (D:3)
  A ball python (D:1)
  8 bats
  4 giant cockroaches
  9 goblins
  10 hobgoblins
  6 jackals (D:1)
  4 kobolds
  4 frilled lizards
  5 rats
63 creatures vanquished.

Vanquished Creatures (collateral kills)
  A leopard gecko (D:3)
1 creature vanquished.

Vanquished Creatures (others)
  An ancestor (D:2)
1 creature vanquished.

Grand Total: 65 creatures vanquished

Notes
Turn   | Place    | Note
-------+----------+-------------------------------------------
     0 | D:1      | GeorgeSoros the Gnoll Wanderer began the quest for the Orb.
     0 | D:1      | GeorgeSoros set off with the following items: a +2 spear, 2
                  | potions of lignification, a +0 robe
     0 | D:1      | Reached XP level 1. HP: 23/23 MP: 1/1
   342 | D:1      | Reached XP level 2. HP: 24/29 MP: 2/2
   657 | D:1      | Reached XP level 3. HP: 35/35 MP: 3/3
   878 | D:1      | Reached skill level 1 in Invocations
  1321 | D:2      | Found a shadowy altar of Dithmenos.
  1323 | D:2      | Found a blossoming altar of Fedhas.
  1327 | D:2      | Found an ancient bone altar of Kikubaaqudgha.
  1328 | D:2      | Found a stormy altar of Qazlal.
  1328 | D:2      | Found a shimmering altar of Xom.
  1328 | D:2      | Found a sacrificial altar of Ru.
  1332 | D:2      | Found an opulent altar of Gozag.
  1333 | D:2      | Found a hazy altar of Hepliaklqana.
  1337 | D:2      | Became a worshipper of Hepliaklqana the Forgotten
  1356 | D:2      | Reached skill level 1 in Short Blades
  1356 | D:2      | Reached skill level 1 in Long Blades
  1356 | D:2      | Reached skill level 1 in Axes
  1356 | D:2      | Reached skill level 1 in Maces & Flails
  1356 | D:2      | Reached skill level 1 in Staves
  1356 | D:2      | Reached skill level 1 in Slings
  1356 | D:2      | Reached skill level 1 in Bows
  1356 | D:2      | Reached skill level 1 in Crossbows
  1356 | D:2      | Reached skill level 1 in Throwing
  1356 | D:2      | Reached skill level 1 in Stealth
  1356 | D:2      | Reached skill level 1 in Shields
  1356 | D:2      | Reached skill level 1 in Unarmed Combat
  1356 | D:2      | Reached skill level 1 in Spellcasting
  1611 | D:2      | Reached XP level 4. HP: 28/36 MP: 5/5
  2376 | D:3      | Reached * piety under Hepliaklqana
  2421 | D:3      | Reached skill level 1 in Conjurations
  2421 | D:3      | Reached skill level 1 in Hexes
  2421 | D:3      | Reached skill level 1 in Summonings
  2421 | D:3      | Reached skill level 1 in Necromancy
  2421 | D:3      | Reached skill level 1 in Translocations
  2421 | D:3      | Reached skill level 1 in Transmutations
  2421 | D:3      | Reached skill level 1 in Fire Magic
  2421 | D:3      | Reached skill level 1 in Ice Magic
  2421 | D:3      | Reached skill level 1 in Air Magic
  2421 | D:3      | Reached skill level 1 in Earth Magic
  2421 | D:3      | Reached skill level 1 in Poison Magic
  2530 | D:3      | You fall into a shaft and drop 3 floors!
  2547 | D:6      | Noticed an orc warrior
  2549 | D:6      | Reached XP level 5. HP: 30/42 MP: 6/6
  2565 | D:6      | Noticed a centaur
  2583 | D:6      | Shot with an arrow by a centaur

Illustrated notes

Levels and vault maps discovered:
D:1:      onia_arrival_mini_spirals, layout_loops_ring, nrook_uturn,
          minmay_statues_item
D:2:      layout_basic, minitemple
D:3:      cheibrodos_helix_gallery, layout_loops_cross,
          chequers_ecumenical_altar_grove, guppyfry_early_orc_mine
D:6:      layout_loops_corners

Skill      XL: |  1  2  3  4 |
---------------+-------------+-----
Invocations    | 1 |  1.4
Short Blades   | 1 |  1.3
Long Blades    | 1 |  1.3
Axes           | 1 |  1.3
Maces & Flails | 1 |  1.3
Staves         | 1 |  1.3
Slings         | 1 |  1.3
Bows           | 1 |  1.3
Crossbows      | 1 |  1.3
Throwing       | 1 |  1.3
Stealth        | 1 |  1.3
Shields        | 1 |  1.3
Unarmed Combat | 1 |  1.3
Spellcasting   | 1 |  1.3
Conjurations   | 1 |  1.0
Hexes          | 1 |  1.0
Summonings     | 1 |  1.0
Necromancy     | 1 |  1.0
Translocations | 1 |  1.0
Transmutations | 1 |  1.0
Fire Magic     | 1 |  1.0
Ice Magic      | 1 |  1.0
Air Magic      | 1 |  1.0
Earth Magic    | 1 |  1.0
Poison Magic   | 1 |  1.0
Fighting       | |  6.6
Polearms       | |  4.7
Armour         | |  4.7
Dodging        | |  2.8
Evocations     | |  4.7

Action                   |  1- 3 |  4- 6 || total
-------------------------+-------+-------++-------
Melee: Spear             |   119 |       ||   119
       Bite              |    14 |     3 ||    17
       Trident           |    22 |    73 ||    95
       Punch             |       |     1 ||     1
  Use: Scroll            |     4 |     3 ||     7
 Stab: Sleeping          |     5 |     1 ||     6
       Distracted        |       |     1 ||     1
Armor: Robe              |    14 |     1 ||    15
       Leather armour    |       |    16 ||    16
Dodge: Dodged            |    70 |    46 ||   116
